 Dungeon Crawl Stone Soup version 0.32-a0-765-gfba4d74c8c (webtiles) character file.

Game seed: 7689601843503890013

336 Nattfarinn the Magician (level 6, -4/32 HPs)
             Began as a Deep Elf Earth Elementalist on Mar 18, 2024.
             Slain by a gnoll
             ... wielding a +0 club
             ... led by a gnoll bouda
              (7 damage)
             ... on level 4 of the Dungeon.
             The game lasted 00:03:36 (2877 turns).

Nattfarinn the Magician (DEEE)                      Turns: 2877, Time: 00:03:37

Health: -4/32      AC:  7    Str:  5    XL:     6   Next: 28%
Magic:  13/18      EV: 11    Int: 22    God:
Gold:   100        SH:  0    Dex: 15    Spells: 19/20 levels left

rFire   . . .        c - +0 spear
rCold   . . .        (no shield)
rNeg    . . .        a - +0 robe
rPois   .            (no helmet)
rElec   .            (no cloak)
rCorr   .            n - +0 pair of gloves
SInv    .            (no boots)
Will    .....        (no amulet)
Stlth   ++           i - +4 ring of protection
HPRegen 0.25/turn    (no ring)
MPRegen 0.16/turn

%: no passive effects
@: about to teleport
A: no striking features
a: no special abilities


You were on level 4 of the Dungeon.
You visited 1 branch of the dungeon, and saw 4 of its levels.

You collected 139 gold pieces.
You spent 39 gold pieces at shops.

Inventory:

Hand Weapons
 c - a +0 spear (weapon)
Armour
 a - a +0 robe (worn)
 n - a +0 pair of gloves (worn)
Jewellery
 e - a ring of ice
 i - a +4 ring of protection (left hand)
Wands
 o - a wand of flame (23)
Scrolls
 d - 4 scrolls of identify {unknown}
 p - 3 scrolls of teleportation
 q - a scroll of fog {unknown}
 s - a scroll of immolation {unknown}
 t - a scroll of enchant armour {unknown}
Potions
 b - a potion of magic
 f - a potion of lignification {unknown}
 g - a potion of attraction {unknown}
 h - a potion of enlightenment {unknown}
 j - a potion of mutation {unknown}
 k - 2 potions of invisibility {unknown}
 l - a potion of cancellation {unknown}
 m - 2 potions of curing {unknown}
 r - a potion of resistance {unknown}


   Skills:
 - Level 2.4 Dodging
 - Level 2.4 Stealth
 * Level 7.5 Spellcasting
 - Level 1.1 Conjurations
 + Level 5.2 Earth Magic


You had 19 spell levels left.
You knew the following spells:

 Your Spells              Type           Power      Damage    Failure   Level
a - Sandblast             Erth           62%        2d14      1%          1

Your spell library contained the following spells:

 Spells                   Type           Power      Damage    Failure   Level
 Passwall                 Erth           31%        N/A       2%          3
 Stone Arrow              Conj/Erth      44%        3d9       6%          3
 Brom's Barrelling Bould  Conj/Erth      22%        2d4       22%         4
 Petrify                  Alch/Erth      19%        N/A       26%         4


Dungeon Overview and Level Annotations

Branches:
Dungeon (4/15)
 Temple: D:4-7

Altars:
Elyvilon
Okawaru

Shops:
D:3 *

Annotations:
D:3 2 transporters, mn3067's ghost, amateur DjCj


Message History

The gnoll bouda closely misses you.
The blast of sand hits the gnoll bouda!
You kill the gnoll bouda!
The gnoll hits you from afar with a +0 halberd!
The gnoll hits you with a +0 club.
You are too injured to fight recklessly!
You are too injured to fight recklessly!
You are too injured to fight recklessly!
You are too injured to fight recklessly!
Unknown command.
The gnoll attacks as it pursues you! The gnoll hits you with a +0 club.
Casting: Sandblast (safe; 1% risk of failure)
Confirm with . or Enter, or press ? or * to list all spells.
Aiming: Sandblast (safe; 1% risk of failure)
Press: ? - help, Shift-Dir - straight line, f - gnoll
Aim: a gnoll, wielding a +0 club (covering ground quickly, 86% to hit)
The blast of sand hits the gnoll!
The gnoll is almost dead.
Your attacks no longer feel as feeble.
The gnoll hits you with a +0 club. The gnoll barely misses you.
Casting: Sandblast (safe; 1% risk of failure)
Confirm with . or Enter, or press ? or * to list all spells.
Aiming: Sandblast (safe; 1% risk of failure)
Press: ? - help, Shift-Dir - straight line, f/p - gnoll
Aim: a gnoll, wielding a +0 club (almost dead, covering ground quickly, 86% to hit)
The blast of sand misses the gnoll.
The blast of sand hits the kobold!
You kill the kobold!
The gnoll hits you with a +0 club.
* * * LOW HITPOINT WARNING * * *
The gnoll barely misses you.
As you read the scroll of teleportation, it crumbles to dust.
You feel strangely unstable.
The gnoll is no longer moving quickly.
The gnoll completely misses you. The gnoll barely misses you.
The gnoll attacks as it pursues you! The gnoll closely misses you.
The gnoll attacks as it pursues you! The gnoll misses you.
The gnoll attacks as it pursues you! The gnoll closely misses you.
The gnoll hits you from afar with a +0 halberd.
* * * LOW HITPOINT WARNING * * *
The gnoll is no longer moving quickly.
The gnoll hits you with a +0 club!
You die...

~≈~~~~ ≈~~~~≈~~
..~~~. ~.~ ~.~.~~~
...... ..... .....
.... ..... .).. ...#
##.#.# #.. †#.#
#.##.#.# #)#
.#.#####.##.#.# #.#
.<.......#..#.#####g#
.#...#.##...#...@g..#
.###.#.#.....##.#####
..............#.#
.###.#.#.....##.# .#
#.#.#.....##.# ..
#.#.....#.##.# ..
#.........##.#
###.....>.##.#
#.#.#.#.##.#


You could see 2 gnolls.

Vanquished Creatures
  A black bear (D:2)
  A gnoll bouda (D:4)
  Natasha (thrice) (D:2)
  A gnoll (D:4)
  5 adders (D:2)
  4 dart slugs
  5 orcs
  4 ball pythons
  3 endoplasms
  5 giant cockroaches
  4 hobgoblins
  8 jackals
  10 kobolds
  3 quokkas
  2 bats
  4 frilled lizards
  6 goblins
  4 rats
73 creatures vanquished.

Notes
Turn   | Place    | Note
-------+----------+-------------------------------------------
     0 | D:1      | Nattfarinn the Deep Elf Earth Elementalist began the quest
                  | for the Orb.
     0 | D:1      | Reached XP level 1. HP: 10/10 MP: 6/6
   285 | D:1      | Reached XP level 2. HP: 15/15 MP: 6/8
   440 | D:1      | Reached skill level 4 in Spellcasting
   682 | D:1      | Reached XP level 3. HP: 19/19 MP: 4/10
   935 | D:2      | Noticed a black bear
   938 | D:2      | Killed a black bear
   939 | D:2      | Reached skill level 5 in Spellcasting
   939 | D:2      | Reached XP level 4. HP: 24/24 MP: 8/13
   944 | D:2      | Reached skill level 6 in Spellcasting
   944 | D:2      | Reached XP level 5. HP: 28/28 MP: 5/15
  1066 | D:2      | Found a white marble altar of Elyvilon.
  1216 | D:2      | Noticed Natasha
  1222 | D:2      | Killed Natasha
  1340 | D:2      | Noticed Natasha
  1344 | D:2      | Killed Natasha
  1796 | D:2      | Noticed Natasha
  1799 | D:2      | Killed Natasha
  1800 | D:2      | Reached skill level 7 in Spellcasting
  1800 | D:2      | Reached skill level 5 in Earth Magic
  1800 | D:2      | Reached XP level 6. HP: 32/32 MP: 15/18
  1955 | D:3      | Found Yhoscho's General Store.
  1956 | D:3      | Found an iron altar of Okawaru.
  1962 | D:3      | Bought a scroll of teleportation for 39 gold pieces
  2300 | D:3      | Found a transporter.
  2313 | D:3      | Noticed mn3067's ghost (amateur DjCj)
  2341 | D:3      | Found a transporter.
  2877 | D:4      | Slain by a gnoll

Illustrated notes

Levels and vault maps discovered:
D:1:      wheals_arrival_shading, layout_basic, minmay_crystal_room
D:2:      layout_basic, basic_altar, uniq_natasha
D:3:      layout_basic, okawaru_gym_becter, serial_shops, shop,
          gammafunk_ghost_smash
D:4:      minmay_goblin_kobold_castle, layout_loops_ring, minmay_lizard_king

Skill      XL: |  1  2  3  4  5 |
---------------+----------------+-----
Spellcasting   | 4 5 6 7 |  7.5
Earth Magic    | 4 5 |  5.2
Dodging        | |  2.4
Stealth        | |  2.4
Conjurations   | |  1.1

Action                     |  1- 3 |  4- 6 || total
---------------------------+-------+-------++-------
   Cast: Sandblast         |    40 |    63 ||   103
    Use: Scroll            |       |     1 ||     1
 Armour: Robe              |     3 |    22 ||    25
  Dodge: Dodged            |     9 |    27 ||    36

Table legend: (Time is in decaauts)
 A = Elapsed time spent in this place.
 B = Non-inter-level travel time spent in this place.
 C = Inter-level travel time spent in this place.
 D = Time resting spent in this place.
 E = Time spent auto-exploring this place.
 F = Levels seen in this place.
 G = Mean time per level.
                   A        B        C        D        E       F      G
               +--------+--------+--------+--------+--------+-----+--------+
         Total |   2926 |   2793 |    133 |      9 |   2443 |   4 |  731.5 |
       Dungeon |   2926 |   2793 |    133 |      9 |   2443 |   4 |  731.5 |
               +--------+--------+--------+--------+--------+-----+--------+

Top non-repeatable levels by time:
     D:2: 1014 daAuts
     D:1: 946 daAuts
     D:3: 702 daAuts
     D:4: 263 daAuts
